 Dungeon Crawl Stone Soup version 0.31-a0-840-g6d2ecbb638 (webtiles) character file.

Game seed: 15290188086178920659

3 BinkBink the Charlatan (level 1, 0/9 HPs)
             Began as a Spriggan Artificer on Sept 27, 2023.
             Slain by a goblin
             ... wielding a +0 club
              (2 damage)
             ... on level 1 of the Dungeon.
             The game lasted 00:00:41 (123 turns).

BinkBink the Charlatan (Spriggan Artificer)          Turns: 123, Time: 00:00:42

Health: 0/9        AC:  2    Str:  8    XL:     1   Next: 41%
Magic:  2/2        EV: 17    Int: 12    God:
Gold:   9          SH:  0    Dex: 15    Spells: 0/0 levels left

rFire   . . .        a - +0 club
rCold   . . .        (no shield)
rNeg    . . .        b - +0 robe
rPois   .            (helmet restricted)
rElec   .            (no cloak)
rCorr   .            (gloves unavailable)
SInv    +            (boots unavailable)
Will    .....        (no amulet)
Stlth   ++           (no ring)
HPRegen 0.21/turn    (no ring)
MPRegen 0.08/turn

%: no passive effects
@: very quick
A: very small, no large weapons, unfitting armour, see invisible, speed 3
a: no special abilities


You were on level 1 of the Dungeon.
You visited 1 branch of the dungeon, and saw 1 of its levels.

You collected 9 gold pieces.

Inventory:

Hand Weapons
 a - a +0 club (weapon)
Armour
 b - a +0 robe (worn)
Talismans
 h - a serpent talisman
Wands
 c - a wand of flame (15) (quivered)
 d - a wand of charming (15)
 e - a wand of iceblast (5)
Scrolls
 g - a scroll of identify {unknown}
Potions
 f - 2 potions of magic {unknown}


   Skills:
 + Level 0.9 Fighting
 + Level 3.3 Dodging
 + Level 1.8 Stealth
 + Level 4.1 Evocations


You couldn't memorise any spells.
You didn't know any spells.
Your spell library was empty.

Dungeon Overview and Level Annotations

Branches:
Dungeon (1/15)

Altars:


Innate Abilities, Weirdness & Mutations

You are very small and have problems with some larger weapons.
You are too small for most types of armour.
You have supernaturally acute eyesight. (SInv)
You cover ground extremely quickly. (Speed+++)


Message History

You barely miss the kobold.
The kobold is heavily wounded.
The kobold hits you with a +0 short sword.
The kobold closely misses you.
You hit the kobold.
You kill the kobold!
The rat closely misses you.
You see here a +0 short sword.
You hit the rat.
You kill the rat!
You see here a serpent talisman.
h - a serpent talisman HP restored.
You now have 9 gold pieces.
A goblin comes into view. It is wielding a +0 club.
A goblin is nearby!
The goblin shouts!
You closely miss the goblin. The goblin misses you.
You closely miss the goblin. The goblin closely misses you. x2
You closely miss the goblin. The goblin hits you with a +0 club.
You hit the goblin.
The goblin is moderately wounded.
The goblin hits you with a +0 club.
You are too injured to fight recklessly!
You are too injured to fight recklessly!
You are too injured to fight recklessly!
You are too injured to fight recklessly!
You are too injured to fight recklessly!
You are too injured to fight recklessly!
You are too injured to fight recklessly!
You are too injured to fight recklessly!
You closely miss the goblin.
The goblin is moderately wounded.
The goblin misses you.
You closely miss the goblin.
The goblin is moderately wounded.
The goblin hits you with a +0 club.
* * * LOW HITPOINT WARNING * * *
The goblin hits you with a +0 club.
You die...

### #.~~≈≈≈≈≈≈≈ ≈≈~ #.
#.~≈≈≈≈≈≈≈≈ #####.##
#..~~≈≈≈≈≈≈
...#...####..~~≈≈≈≈≈
#......####.~~~≈≈≈≈≈
#.......##..~~≈≈≈≈≈≈
#.......##.~~≈≈≈≈≈≈≈≈#
..#.....g.#..~~≈≈≈≈≈≈≈≈#
........@##.~~≈≈≈≈≈≈≈≈≈##
####...###..~~≈≈≈≈≈≈≈≈≈#
##.## ##..~~≈≈≈≈≈≈≈≈≈ #.#
##..~~~≈~≈~~~≈ ..#####.#
####...~~~~~~~~
........####.##....~~~....
............#.............
.###.#.###.###.)...#######
#......## ##.#.##


You could see a goblin.

Vanquished Creatures
  A ball python (D:1)
  A kobold (D:1)
  A rat (D:1)
3 creatures vanquished.

Notes
Turn   | Place    | Note
-------+----------+-------------------------------------------
     0 | D:1      | BinkBink the Spriggan Artificer began the quest for the
                  | Orb.
     0 | D:1      | Reached XP level 1. HP: 9/9 MP: 2/2
   123 | D:1      | Slain by a goblin

Illustrated notes

Levels and vault maps discovered:
D:1:      minmay_arrival_shoal_huts, layout_loops_ring, hex_large

Action                     || total
---------------------------++-------
  Melee: Club              ||    14
   Stab: Sleeping          ||     1
 Armour: Robe              ||     6
  Dodge: Dodged            ||    10

Table legend: (Time is in decaauts)
 A = Elapsed time spent in this place.
 B = Non-inter-level travel time spent in this place.
 C = Inter-level travel time spent in this place.
 D = Time resting spent in this place.
 E = Time spent auto-exploring this place.
 F = Levels seen in this place.
 G = Mean time per level.
                   A        B        C        D        E       F      G
               +--------+--------+--------+--------+--------+-----+--------+
         Total |     89 |     89 |      0 |      0 |     58 |   1 |   89.0 |
       Dungeon |     89 |     89 |      0 |      0 |     58 |   1 |   89.0 |
               +--------+--------+--------+--------+--------+-----+--------+

Top non-repeatable levels by time:
     D:1: 89 daAuts
